 Dungeon Crawl Stone Soup version 0.22.1-1-ga44c0e56f4 (webtiles) character file.

35562 ne0ncube the Severer (level 13, -1/183 HPs)
             Began as a Minotaur Berserker on Sept 26, 2018.
             Was a High Priest of Trog.
             Slain by a fire crab (2 damage)
             ... on level 6 of the Lair of Beasts.
             The game lasted 00:36:51 (14332 turns).

ne0ncube the Severer (Minotaur Berserker)          Turns: 14332, Time: 00:36:52

Health: -1/183     AC: 13    Str: 27    XL:     13   Next: 48%
Magic:  0/7        EV:  7    Int:  6    God:    Trog [*****.]
Gold:   904        SH:  0    Dex: 16    Spells: 12/12 levels left

rFire    + + .     SeeInvis .   z - +2 dire flail (holy)
rCold    . . .     Gourm    .   (shield currently unavailable)
rNeg     + . .     Faith    .   T - +1 scale mail {rF+}
rPois    +         Spirit   +   (helmet restricted)
rElec    .         Reflect  +   E - scarf {Spirit}
rCorr    .         Harm     .   r - +1 pair of gloves {Dex+3}
MR       .....                  h - +0 pair of boots
Stlth    ..........             O - +6 amulet of reflection
HPRegen  0.40/turn              H - ring of positive energy
MPRegen  0.10/turn              R - ring of Wuvvac {+Blink rPois rF+ MP-9 EV-2}

@: berserking, petrifying
A: retaliatory headbutt, horns 2
a: Berserk, Trog's Hand, Brothers in Arms, Renounce Religion, Evoke Blink


You were on level 6 of the Lair of Beasts.
You worshipped Trog.
Trog was extremely pleased with you.
You were not hungry.

You visited 2 branches of the dungeon, and saw 16 of its levels.
You also visited: Sewer.

You collected 904 gold pieces.

Inventory:

Hand Weapons
 l - a +0 hunting sling
 q - a +3 war axe
 z - a +2 dire flail of holy wrath (weapon)
 G - a cursed -2 blowgun
 K - a +2 whip of flaming
 X - a +4 fustibalus of flaming
Missiles
 a - 7 javelins
 b - 418 stones (quivered)
 n - 3 javelins of returning
 F - 8 curare-tipped needles
 J - 18 poisoned needles
 U - 7 steel javelins
Armour
 h - a +0 pair of boots (worn)
 r - a +1 pair of gloves of dexterity (worn)
 A - a +0 plate armour
 E - a scarf of spirit shield (worn)
 T - a +1 scale mail of fire resistance (worn)
Jewellery
 H - a ring of positive energy (left hand)
 M - an uncursed ring of stealth
 O - a +6 amulet of reflection (around neck)
 R - the ring of Wuvvac (right hand) {+Blink rPois rF+ MP-9 EV-2}
   (You found it on level 2 of the Lair of Beasts)

   [ring of evasion]

   It affects your evasion (-2).
   It protects you from fire.
   It protects you from poison.
   It affects your magic capacity (-9).
   It lets you blink.
Wands
 e - a wand of paralysis (12)
 k - a wand of digging (17)
 w - a wand of clouds (3)
 y - a wand of flame (21)
 L - a wand of polymorph (10)
 S - a wand of scattershot (2)
Scrolls
 d - 6 scrolls of magic mapping
 g - 7 scrolls of enchant weapon
 i - 4 scrolls of immolation
 j - a scroll of teleportation
 m - a scroll of fog
 p - 7 scrolls of remove curse
 s - 2 scrolls of fear
 t - a scroll of vulnerability
 x - a scroll of identify
 N - a scroll of enchant armour
 V - a scroll of silence
Potions
 o - 15 potions of curing
 u - 2 potions of lignification
 v - 3 potions of magic
 D - 4 potions of flight
 I - 2 potions of berserk rage
 Q - a potion of ambrosia
Miscellaneous
 P - a lightning rod (4/4)
Comestibles
 c - 31 rations
 B - 4 chunks of flesh


   Skills:
 * Level 13.6 Fighting
 + Level 18.0 Axes
 + Level 9.9 Armour
 + Level 9.1 Dodging
 + Level 5.5 Evocations


You had 12 spell levels left.
You didn't know any spells.
Your spell library was empty.

Dungeon Overview and Level Annotations

Branches:
Dungeon (10/15)            Temple (0/1) D:7            Lair (6/6) D:8
 Shoals (0/4) Lair:4        Snake (0/4) Lair:2        Slime (0/5) Lair:5
    Orc: D:9-12

Altars:
Dithmenos
Fedhas
Kikubaaqudgha
Nemelex Xobeh
Okawaru
Qazlal
Trog
Vehumet
Yredelemnul

Shops:
D:5 [

Annotations:
D:9 1 runed door, Bapho's ghost, novice TrMo
Lair:4 exclusion: oklob plant
Lair:6 1 runed door


Innate Abilities, Weirdness & Mutations

You reflexively headbutt those who attack you in melee.
You have a pair of horns on your head.


Message History

The basilisk gazes at you.
You are slowing down.
You bludgeon the basilisk!!
You kill the basilisk!
Trog accepts your kill. The fire crab breathes flames at you.
The blast of flame engulfs you!
The steam dragon is engulfed in blazing flames.
The steam dragon breathes steam at you.
The ball of steam hits the fire crab.
The fire crab resists.
The ball of steam misses you.
You impale the fire crab!! You headbutt the fire crab!
The fire crab is severely wounded.
You are engulfed in blazing flames.
You resist.
* * * LOW HITPOINT WARNING * * *
The fire crab barely misses you. You furiously retaliate!
You headbutt the fire crab. The fire crab claws you.
* * * LOW HITPOINT WARNING * * *
You are engulfed in flames.
You resist.
You die...

#8##≈...#.........§≈# #
###§≈≈≈............≈# #
#≈≈≈≈##..........# #
#≈≈≈####.........# ####### §≈≈§§#
#8.........# ####P#.#.. ###≈≈≈
##.####§.§§# ####.....#..# ###
#8#8 ##§D## #............ ## #
#§t# #.#P......... ######@#
####......... ### ####..#
#########.........
#.###....####....##.###.......
##......#.§§§.§.......##......
#.....##.§≈≈≈≈≈..............
###....##.§§§≈§≈.........÷....
###......##.≈≈≈§§§..............
##.###....##.≈#≈##≈..............
#..###...###.≈###≈≈..............


You could see a fire crab and a steam dragon.

Vanquished Creatures
  Erica (Lair:2)
  7 hydras
  6 death yaks (Lair:5)
  A queen ant (Lair:3)
  A deep elf mage (D:10)
  A torpor snail (Lair:2)
  6 black mambas
  13 elephants
  3 molten gargoyles (Lair:6)
  6 komodo dragons
  5 spiny frogs
  2 rime drakes
  2 slime creatures (Lair:5)
  Prince Ribbit (D:9)
  4 dream sheep (Lair:2)
  8 blink frogs
  4 hippogriffs
  A snapping turtle (Lair:4)
  Sigmund (D:5)
  4 wyverns
  12 yaks (Lair:1)
  9 basilisks
  A steam dragon (Lair:6)
  A vampire mosquito (D:9)
  Edmund (D:5)
  5 soldier ants (Lair:3)
  5 nagas (Lair:2)
  6 water moccasins
  2 hell hounds (Lair:6)
  Duvessa (D:7)
  6 porcupines
  A sky beast (D:8)
  An ice beast (D:7)
  A black bear (D:8)
  2 ogres
  16 wolves
  A centaur (D:8)
  5 crocodiles
  2 big kobolds (Sewer)
  9 bullfrogs
  Dowan (D:7)
  2 scorpions
  5 wights (D:6)
  An electric eel (Lair:6)
  A vampire bat (Lair:1)
  2 crimson imps (D:5)
  2 lava snakes (Lair:6)
  A bullfrog zombie (D:5)
  A centaur zombie (D:7)
  A hound (D:6)
  2 jellies (Lair:5)
  An orc priest (D:8)
  2 iguanas
  An orc wizard (D:6)
  12 worker ants
  A hound zombie (D:7)
  2 worker ant zombies (D:5)
  11 adders
  3 gnolls (D:6)
  A howler monkey skeleton (D:6)
  A shadow imp (D:5)
  2 oozes (Sewer)
  6 worms
  2 dart slugs (D:1)
  5 leopard geckos
  14 orcs
  5 giant cockroaches
  9 goblins
  11 hobgoblins
  4 jackals
  4 quokkas
  5 ball pythons
  15 bats
  7 frilled lizards
  17 kobolds
  2 leopard gecko zombies
  8 rats
  A fungus (Lair:3)
  3 plants
338 creatures vanquished.

Vanquished Creatures (others)
  7 fungi
  8 plants
15 creatures vanquished.

Grand Total: 353 creatures vanquished

Notes
Turn   | Place    | Note
-------+----------+-------------------------------------------
     0 | D:1      | ne0ncube the Minotaur Berserker began the quest for the
                  | Orb.
     0 | D:1      | Reached XP level 1. HP: 19/19 MP: 0/0
    51 | D:1      | Reached skill level 4 in Axes
   129 | D:1      | Reached XP level 2. HP: 18/26 MP: 1/1
   390 | D:1      | Reached skill level 5 in Axes
   445 | D:1      | Reached ** piety under Trog
   491 | D:1      | Reached XP level 3. HP: 31/31 MP: 2/2
   767 | D:2      | Found a stormy altar of Qazlal.
  1035 | D:2      | You fall through a shaft!
  1055 | D:3      | Reached skill level 6 in Axes
  1055 | D:3      | Reached XP level 4. HP: 39/39 MP: 3/3
  1297 | D:3      | Found a blossoming altar of Fedhas.
  1572 | D:4      | Reached XP level 5. HP: 43/45 MP: 4/4
  1604 | D:4      | Reached skill level 7 in Axes
  1910 | D:4      | Reached *** piety under Trog
  2018 | D:4      | Found an ancient bone altar of Kikubaaqudgha.
  2018 | D:4      | Found a basalt altar of Yredelemnul.
  2018 | D:4      | Found a bloodstained altar of Trog.
  2019 | D:4      | Found a stormy altar of Qazlal.
  2021 | D:4      | Found an iron altar of Okawaru.
  2022 | D:4      | Found a shadowy altar of Dithmenos.
  2138 | D:5      | Entered Level 5 of the Dungeon
  2190 | D:5      | Found Piumuoki's Armour Emporium.
  2250 | D:5      | Reached skill level 8 in Axes
  2267 | D:5      | Reached XP level 6. HP: 33/51 MP: 5/5
  2272 | D:5      | Found a radiant altar of Vehumet.
  2272 | D:5      | Noticed Edmund
  2287 | D:5      | Killed Edmund
  2287 | D:5      | Reached skill level 9 in Axes
  2585 | D:5      | Reached XP level 7. HP: 57/57 MP: 6/6
  2736 | D:5      | Noticed Sigmund
  2747 | D:5      | Killed Sigmund
  2747 | D:5      | Reached skill level 10 in Axes
  3059 | D:6      | Found a glowing drain.
  3084 | Sewer    | Entered a sewer
  3256 | Sewer    | Reached **** piety under Trog
  3354 | Sewer    | Reached skill level 11 in Axes
  3908 | D:6      | Reached XP level 8. HP: 55/64 MP: 7/7
  3916 | D:6      | Found a sparkling altar of Nemelex Xobeh.
  4096 | D:6      | Reached skill level 12 in Axes
  4373 | D:7      | Found a staircase to the Ecumenical Temple.
  4496 | D:7      | Noticed Dowan
  4496 | D:7      | Noticed Duvessa
  4514 | D:7      | Killed Duvessa
  4514 | D:7      | Reached skill level 13 in Axes
  4515 | D:7      | Killed Dowan
  4647 | D:7      | You fall through a shaft for 2 floors!
  5136 | D:8      | Reached XP level 9. HP: 70/70 MP: 8/8
  5236 | D:8      | Found a staircase to the Lair.
  5281 | D:8      | Reached skill level 14 in Axes
  5948 | D:9      | Noticed Prince Ribbit
  5965 | D:9      | Killed Prince Ribbit
  6097 | D:9      | Reached ***** piety under Trog
  6101 | D:9      | Found a runed door.
  6102 | D:9      | Noticed Bapho's ghost (novice TrMo)
  6227 | D:9      | Reached skill level 15 in Axes
  6419 | D:10     | Entered Level 10 of the Dungeon
  6421 | D:10     | Noticed a deep elf mage
  6436 | D:10     | Killed a deep elf mage
  6508 | Lair:1   | Entered Level 1 of the Lair of Beasts
  6515 | Lair:1   | Received a gift from Trog
  6520 | Lair:1   | Reached skill level 16 in Axes
  6524 | Lair:1   | Reached XP level 10. HP: 26/78 MP: 3/9
  6845 | Lair:1   | Reached skill level 5 in Fighting
  7174 | Lair:1   | Noticed an elephant
  7174 | Lair:1   | Noticed a black mamba
  7181 | Lair:1   | Killed an elephant
  7188 | Lair:1   | Killed a black mamba
  7755 | Lair:2   | Noticed Erica
  7768 | Lair:2   | Killed Erica
  7768 | Lair:2   | Reached skill level 5 in Armour
  7994 | Lair:2   | Reached skill level 5 in Dodging
  8054 | Lair:2   | Reached XP level 11. HP: 63/94 MP: 7/10
  8073 | Lair:2   | Found a staircase to the Snake Pit.
  8947 | Lair:2   | Got a glittering tin ring
  8949 | Lair:2   | Identified the cursed ring of Wuvvac {+Blink rPois rF+ MP-9
                  | EV-2} (You found it on level 2 of the Lair of Beasts)
  9122 | Lair:3   | Reached skill level 1 in Evocations
  9123 | Lair:3   | Reached skill level 17 in Axes
  9442 | Lair:3   | Reached skill level 10 in Fighting
  9592 | Lair:3   | Noticed a five-headed hydra
  9601 | Lair:3   | Killed a five-headed hydra
  9731 | Lair:3   | Noticed a queen ant
  9749 | Lair:3   | Killed a queen ant
 10044 | Lair:3   | Reached XP level 12. HP: 91/108 MP: 1/12
 10992 | Lair:4   | Received a gift from Trog
 11304 | Lair:4   | Found a staircase to the Shoals.
 11501 | Lair:5   | Noticed a six-headed hydra
 11516 | Lair:5   | Noticed a five-headed hydra
 11531 | Lair:5   | Noticed a death yak
 11532 | Lair:5   | Noticed a death yak
 11533 | Lair:5   | Killed a six-headed hydra
 11539 | Lair:5   | Noticed a death yak
 11543 | Lair:5   | Killed a five-headed hydra
 11556 | Lair:5   | Killed a death yak
 11573 | Lair:5   | Killed a death yak
 11950 | Lair:5   | Noticed a death yak
 11950 | Lair:5   | Noticed a death yak
 11952 | Lair:5   | Noticed a death yak
 11971 | Lair:5   | Killed a death yak
 11980 | Lair:5   | Killed a death yak
 11988 | Lair:5   | Killed a death yak
 11993 | Lair:5   | Killed a death yak
 12474 | Lair:5   | Found a staircase to the Slime Pits.
 12838 | Lair:6   | Entered Level 6 of the Lair of Beasts
 13167 | Lair:6   | Reached XP level 13. HP: 113/119 MP: 6/15
 13647 | Lair:6   | Reached skill level 5 in Evocations
 14149 | Lair:6   | Found a large runed door.
 14199 | Lair:6   | Reached skill level 18 in Axes
 14316 | Lair:6   | HP: 5/122 [seven-headed hydra (2)]
 14326 | Lair:6   | HP: 4/183 [basilisk (8)]
 14332 | Lair:6   | HP: 3/183 [fire crab] (2)]
 14332 | Lair:6   | HP: 1/183 [fire crab (2)]
 14332 | Lair:6   | Slain by a fire crab

Skill      XL: |  1  2  3  4  5  6  7  8  9 10 11 12 13 |
---------------+----------------------------------------+-----
Axes           | 4 5 6 8 9 11 13 16 17 18 | 18.0
Fighting       | 4 8 10 12 13 | 13.6
Armour         | 5 7 9 |  9.9
Dodging        | 5 6 8 9 |  9.1
Evocations     | 2 4 5 |  5.5

Action                   |  1- 3 |  4- 6 |  7- 9 | 10-12 | 13-15 || total
-------------------------+-------+-------+-------+-------+-------++-------
Melee: Hand axe          |    77 |   151 |   242 |       |       ||   470
       Headbutt          |    13 |    22 |    67 |   137 |    43 ||   282
       War axe           |       |       |   185 |   491 |    55 ||   731
       Dire flail        |       |       |       |    35 |    72 ||   107
Invok: Berserk           |     1 |     5 |     9 |     9 |     3 ||    27
       Trog's Hand       |       |       |     2 |     4 |       ||     6
Evoke: Wand              |       |       |       |       |     4 ||     4
  Use: Scroll            |       |     8 |    12 |     7 |       ||    27
       Potion            |       |       |       |     8 |     2 ||    10
  Eat: Chunk             |     1 |     6 |    22 |    21 |       ||    50
       Ration            |       |     1 |       |     5 |       ||     6
Armor: Animal skin       |     2 |       |       |       |       ||     2
       Ring mail         |    27 |    19 |       |       |       ||    46
       Scale mail        |       |    32 |       |    60 |    41 ||   133
       Plate armour      |       |       |   246 |   108 |       ||   354
Dodge: Dodged            |    52 |    73 |   116 |   173 |    74 ||   488
Block: Other             |       |       |    13 |   119 |    31 ||   163
       Reflection        |       |       |       |     1 |     1 ||     2
